 Dungeon Crawl Stone Soup version 0.22-a0-157-g169b76a (webtiles) character file.

85 Gorglomux the Skirmisher (level 4, -1/38 HPs)
             Began as a Minotaur Warper on Feb 8, 2018.
             Slain by an orc
             ... wielding a +0 falchion
              (5 damage)
             ... on level 3 of the Dungeon.
             The game lasted 00:02:25 (1481 turns).

Gorglomux the Skirmisher (Minotaur Warper)          Turns: 1481, Time: 00:02:26

Health: -1/38      AC:  6    Str: 17    XL:     4   Next: 25%
Magic:  5/5        EV: 11    Int: 10    God:
Gold:   63         SH:  0    Dex:  9    Spells: 3/5 levels left

rFire    . . .     SeeInvis .   T - +2 dagger (venom)
rCold    . . .     Gourm    .   (no shield)
rNeg     . . .     Faith    .   R - +0 ring mail
rPois    .         Spirit   .   (helmet restricted)
rElec    .         Reflect  .   (no cloak)
rCorr    .         Harm     .   Q - +0 pair of gloves
MR       .....                  (no boots)
Stlth    ..........             (no amulet)
HPRegen  0.12/turn              M - ring of loudness (curse)
MPRegen  0.09/turn              (no ring)

@: no status effects
A: retaliatory headbutt, horns 2
a: no special abilities


You were on level 3 of the Dungeon.
You were hungry.

You visited 1 branch of the dungeon, and saw 3 of its levels.

You collected 63 gold pieces.

Inventory:

Hand Weapons
 a - a +0 hand axe
 S - a +0 club
 T - a +2 dagger of venom (weapon)
Missiles
 e - 4 tomahawks of dispersal (quivered)
Armour
 Q - a +0 pair of gloves (worn)
 R - a +0 ring mail (worn)
Jewellery
 M - a cursed ring of loudness (left hand)
Scrolls
 B - a scroll of blinking
 D - 3 scrolls of immolation {unknown}
 F - 3 scrolls of enchant weapon {unknown}
 G - a scroll of teleportation {unknown}
 K - 2 scrolls of fog {unknown}
 N - a scroll of remove curse {unknown}
 O - a scroll of identify {unknown}
Potions
 H - a potion of curing {unknown}
 I - a potion of resistance {unknown}
 J - a potion of ambrosia {unknown}
 L - a potion of berserk rage {unknown}
Books
 c - a book of Spatial Translocations

   Spells                             Type                      Level
   a - Blink                          Translocation                2
   b - Shroud of Golubria             Charms/Translocation         2
   c - Lesser Beckoning               Translocation                3
   d - Gell's Gravitas                Translocation                3
   e - Teleport Other                 Translocation                3
   f - Passage of Golubria            Translocation                4
Comestibles
 f - 6 rations


   Skills:
 + Level 3.4 Fighting
 + Level 3.4 Axes
 - Level 1.0 Throwing
 + Level 2.5 Armour
 + Level 3.1 Dodging
 - Level 1.3 Spellcasting
 - Level 2.1 Translocations


You had 3 spell levels left.
You knew the following spells:

 Your Spells              Type           Power        Failure   Level  Hunger
d - Blink                 Tloc           N/A          36%         2    ###....


Dungeon Overview and Level Annotations

Branches:
Dungeon (3/15)

Altars:
Gozag
Kikubaaqudgha


Innate Abilities, Weirdness & Mutations

You reflexively headbutt those who attack you in melee.
You have a pair of horns on your head.


Message History

* * * don't die
* * * You feel sick!
The orc closely misses you!
You feel sick!
You see here a leather armour!
You feel sick!
You feel sick!
You are no longer poisoned!
There is a stone staircase leading up here!
Throwing (i - inventory) butt - 5 tomahawks of dispersal (quivered)
Press: ? - help, Shift-Dir - straight line, f - orc
Aim: an orc, wielding a hand axe and wearing a scale butt (severely wounded)
You throw a butt of dispersal!
The tomahawk of dispersal completely misses the orc! x2
The tomahawk of dispersal closely misses the orc!
The orc hits you with a hand axe! * * * don't die
* * * It was a butt of magic!
Magic courses through your body! The orc hits you but does no damage!
The orc hits you with a falchion! rip

#...# ######
#...###....###
#............#
#............#
#............#
#..###..######
#.o.#..##
#.oo..##
#.@.### #...#
#...# #....
#..... #......
#..##### #...


You could see 3 orcs.

Vanquished Creatures
  3 adders (D:2)
  A worm (D:2)
  A dart slug (D:2)
  A leopard gecko (D:3)
  5 orcs (D:3)
  8 bats
  3 giant cockroaches
  5 goblins
  5 hobgoblins
  2 ball pythons
  4 frilled lizards
  5 kobolds
  2 rats
45 creatures vanquished.

Notes
Turn   | Place    | Note
-------+----------+-------------------------------------------
     0 | D:1      | Gorglomux the Minotaur Warper began the quest for the Orb.
     0 | D:1      | Reached XP level 1. HP: 18/18 MP: 1/1
    61 | D:1      | Reached XP level 2. HP: 9/25 MP: 3/3
   271 | D:1      | Learned a level 2 spell: Blink
   551 | D:1      | Reached skill level 3 in Fighting
   551 | D:1      | Reached skill level 3 in Axes
   669 | D:2      | Reached XP level 3. HP: 29/31 MP: 4/4
   924 | D:2      | Reached skill level 3 in Dodging
  1100 | D:2      | Found a faded altar of an unknown god.
  1105 | D:2      | Found an ancient bone altar of Kikubaaqudgha.
  1193 | D:2      | Noticed a sky beast
  1318 | D:2      | Reached XP level 4. HP: 38/38 MP: 5/5
  1429 | D:3      | Found an opulent altar of Gozag.
  1481 | D:3      | Slain by an orc

Vault maps used:
D:1:      dpeg_arrival_connections, hangedman_decor_clover_reticule
D:2:      lemuel_crystal_altar, chequers_ecumenical_altar_twisty,
          minmay_misc_feat_iff
D:3:      wad_lake_hut, nicolae_gozag_seed_capital

Skill      XL: |  1  2  3 |
---------------+----------+-----
Armour         | 2 |  2.5
Fighting       | 3 |  3.4
Axes           | 3 |  3.4
Dodging        | 3 |  3.1
Throwing       | |  1.0
Spellcasting   | |  1.3
Translocations | |  2.1

Action                   |  1- 3 |  4- 6 || total
-------------------------+-------+-------++-------
Melee: Hand axe          |    82 |    10 ||    92
       Headbutt          |     6 |     5 ||    11
       Dagger            |       |     7 ||     7
Throw: Tomahawk          |       |     1 ||     1
  Use: Potion            |       |     1 ||     1
  Eat: Chunk             |     1 |       ||     1
Armor: Leather armour    |    20 |       ||    20
       Ring mail         |       |    10 ||    10
Dodge: Dodged            |    60 |    15 ||    75

Table legend:
 A = Spawn XP
 B = Non-spawn XP
 C = Spawn XP percentage of total XP
 D = Spawn monster count
 E = Non-spawn monster count
 F = Spawn count percentage of total count
 G = Total turns spent on level
                    A         B        C        D         E        F      G
               +---------+---------+-------+---------+---------+-------+---------
         Total |       0 |     122 |   0.0 |       0 |      45 |   0.0 |  1481
               +---------+---------+-------+---------+---------+-------+---------
           D:1 |       0 |      37 |   0.0 |       0 |      23 |   0.0 |   682
           D:2 |       0 |      67 |   0.0 |       0 |      16 |   0.0 |   695
           D:3 |       0 |      18 |   0.0 |       0 |       6 |   0.0 |   104
               +---------+---------+-------+---------+---------+-------+---------
